 Dungeon Crawl Stone Soup version 0.27.1-33-g824d729ab1 (webtiles) character file.

Game seed: 4813531213332256757

2773 alasdair19 the Carver (level 9, 0/77 HPs)
             Began as a Minotaur Fighter on Dec 6, 2021.
             Slain by a troll (9 damage)
             ... on level 8 of the Dungeon.
             The game lasted 00:20:48 (7600 turns).

alasdair19 the Carver (Minotaur Fighter)            Turns: 7600, Time: 00:20:48

Health: 0/77       AC: 15    Str: 23    XL:     9   Next: 42%
Magic:  8/8        EV:  7    Int:  6    God:
Gold:   420        SH: 16    Dex: 10    Spells: 8/8 levels left

rFire    . . .     SeeInvis .   a - +1 long sword
rCold    . . .     Faith    .   c - +0 kite shield
rNeg     . . .     Spirit   .   v - +0 chain mail
rPois    .         Reflect  +   (helmet restricted)
rElec    .         Harm     .   y - +0 cloak
rCorr    .         Rampage  .   p - +1 pair of gloves
Will     .....                  E - +0 pair of boots
Stlth    ..........             u - amulet of reflection
HPRegen  0.22/turn              (no ring)
MPRegen  0.11/turn              (no ring)

@: hasted, very quick
A: horns 2, retaliatory headbutt
a: no special abilities


You were on level 8 of the Dungeon.
You visited 2 branches of the dungeon, and saw 9 of its levels.
You also visited: Sewer and Ossuary.

You collected 420 gold pieces.

Inventory:

Hand Weapons
 a - a +1 long sword (weapon)
 h - a +0 short sword of speed
 r - the +3 dagger "Qeoqave" {freeze, rF+}
   (You found it on level 4 of the Dungeon)

   It freezes those it strikes, dealing additional cold damage.
   It can also slow down cold-blooded creatures.
   rF:        It protects you from fire.
Missiles
 i - 68 poisoned darts
 j - 5 silver boomerangs
 n - 13 boomerangs (quivered)
Armour
 b - a +0 scale mail
 c - a +0 kite shield (worn)
 p - a +1 pair of gloves (worn)
 v - a +0 chain mail (worn)
 y - a +0 cloak (worn)
 E - a +0 pair of boots (worn)
Jewellery
 f - an amulet of magic regeneration
 u - an amulet of reflection (around neck)
Wands
 d - a wand of digging (4)
 x - a wand of flame (18)
 F - a wand of polymorph (6)
 G - a wand of paralysis (4)
Scrolls
 m - a scroll of acquirement {unknown}
 o - a scroll of silence {unknown}
 q - 4 scrolls of enchant armour {unknown}
 s - 2 scrolls of enchant weapon
 t - 2 scrolls of summoning
 w - a scroll of brand weapon
 B - a scroll of amnesia
 H - a scroll of magic mapping
 I - a scroll of teleportation
Potions
 g - 4 potions of ambrosia
 k - 6 potions of curing
 l - a potion of brilliance
 z - a potion of resistance
 A - 3 potions of might
 D - a potion of cancellation {unknown}
Miscellaneous
 C - a box of beasts


   Skills:
 + Level 6.3 Fighting
 + Level 8.8 Long Blades
 * Level 5.4 Throwing
 + Level 7.1 Armour
 - Level 0.5 Dodging
 + Level 8.5 Shields


You had 8 spell levels left.
You didn't know any spells.
Your spell library contained the following spells:

 Spells                   Type           Power      Damage    Failure   Level
 Gell's Gravitas          Tloc           0%         N/A       100%        3
 Stone Arrow              Conj/Erth      0%         3d7       100%        3
 Teleport Other           Tloc           0%         N/A       100%        3
 Animate Armour           Summ/Erth      0%         N/A       100%        4
 Dispersal                Tloc           0%         N/A       100%        6
 Lehudib's Crystal Spear  Conj/Erth      0%         10d2      100%        8


Dungeon Overview and Level Annotations

Branches:
Dungeon (8/15)             Temple (1/1) D:6           Sewer (visited)
Ossuary (visited)
   Lair: D:8-11

Altars:
Ashenzari
Cheibriados
Dithmenos
Elyvilon
Fedhas
Gozag
Hepliaklqana
Kikubaaqudgha
Makhleb
Nemelex Xobeh
Qazlal
Ru
Sif Muna
Trog
Uskayaw
Vehumet
Wu Jian
Xom
Yredelemnul
Zin
The Shining One


Innate Abilities, Weirdness & Mutations

You have a pair of horns on your head.
You reflexively headbutt those who attack you in melee.


Message History

You hit the killer bee.
You kill the killer bee!
The killer bee stings you.
You hit the killer bee. Your headbutt misses the killer bee.
The killer bee is lightly wounded.
Your resistance to elements expires.
The killer bee stings you but does no damage.
You block the killer bee's attack.
You closely miss the killer bee.
The killer bee is lightly wounded.
You block the killer bee's attack.
The killer bee stings you but does no damage.
You slash the killer bee!
The killer bee is heavily wounded.
You block the killer bee's attack. x2
You slash the killer bee!
You kill the killer bee!
You hit the troll but do no damage. You headbutt the troll.
The troll is lightly wounded.
You block the troll's attack. x3
The orc priest calls down the wrath of Beogh upon you.
Beogh smites you!
* * * LOW HITPOINT WARNING * * *
You slash the troll! Your headbutt misses the troll.
The troll is moderately wounded.
You block the troll's attack. The troll claws you!
* * * LOW HITPOINT WARNING * * *
The troll claws you but does no damage. The troll bites you but does no damage.
The troll claws you but does no damage. You block the troll's attack.
You hit the troll.
The troll is moderately wounded.
The troll completely misses you. You furiously retaliate!
You headbutt the troll. You block the troll's attack. x2
You hit the troll.
The troll is heavily wounded.
The troll bites you but does no damage. The troll claws you but does no damage.
You block the troll's attack.
You feel yourself speed up. You block the troll's attack. x2
The troll claws you!
You die...

#.###..........
#...#...T.....y
#..##..###
#####...[...>#
#.....#[####.##
.##..........# ##
#..........##
####..###h....(.....(
.......@To<........#
#########o.........#
#....†.....#
#..........#
############


You could see a troll, a black bear, an orc priest and an orc.

Vanquished Creatures
  Sigmund (D:6)
  A wraith (Ossuary)
  A water moccasin (D:7)
  An orc warrior (D:8)
  An ice beast (D:7)
  A black bear (D:5)
  A necrophage (D:7)
  2 ogres
  A kobold brigand (D:6)
  4 bullfrogs
  A gnoll sergeant (D:5)
  A scorpion (D:5)
  6 killer bees
  2 howler monkeys (D:8)
  2 bullfrog zombies
  An orc priest (D:4)
  Crazy Yiuf (D:5)
  6 hounds
  A centaur skeleton (D:4)
  A human zombie (Ossuary)
  A jelly (D:6)
  2 bullfrog skeletons (D:6)
  Ijyb (D:4)
  2 iguanas
  Natasha (thrice) (D:3)
  2 orc wizards
  A killer bee zombie (D:6)
  A hound zombie (D:5)
  A hound skeleton (D:4)
  3 mummies (Ossuary)
  8 gnolls
  11 adders
  A river rat (D:6)
  2 shadow imps
  3 worms
  4 dart slugs
  15 orcs
  6 bats
  5 endoplasms
  9 giant cockroaches
  8 goblins
  4 hobgoblins
  10 jackals
  8 kobolds
  12 quokkas
  9 ball pythons
  8 frilled lizards
  A gnoll zombie (Ossuary)
  3 goblin zombies (Ossuary)
  2 hobgoblin zombies (Ossuary)
  2 kobold zombies (Ossuary)
  5 rats
189 creatures vanquished.

Notes
Turn   | Place    | Note
-------+----------+-------------------------------------------
     0 | D:1      | alasdair19 the Minotaur Fighter began the quest for the
                  | Orb.
     0 | D:1      | Reached XP level 1. HP: 19/19 MP: 0/0
   181 | D:1      | Reached XP level 2. HP: 27/27 MP: 1/1
   511 | D:1      | Reached XP level 3. HP: 27/33 MP: 2/2
  1013 | D:2      | Found a basalt altar of Yredelemnul.
  1215 | D:2      | Found a faded altar of an unknown god.
  1336 | D:2      | Reached XP level 4. HP: 40/40 MP: 3/3
  1605 | D:2      | Reached skill level 1 in Throwing
  1759 | D:3      | Noticed Natasha
  1764 | D:3      | Killed Natasha
  1765 | D:3      | Reached XP level 5. HP: 46/46 MP: 4/4
  1910 | D:3      | Noticed Natasha
  1918 | D:3      | Killed Natasha
  1920 | D:3      | Noticed Natasha
  1927 | D:3      | Killed Natasha
  2205 | D:4      | Reached skill level 5 in Shields
  2323 | D:4      | Noticed Ijyb
  2338 | D:4      | Killed Ijyb
  2358 | D:4      | Identified the +3 dagger "Qeoqave" {freeze, rF+}
  2615 | D:4      | Reached XP level 6. HP: 49/53 MP: 5/5
  2804 | D:4      | Reached skill level 5 in Long Blades
  3076 | D:5      | Entered Level 5 of the Dungeon
  3084 | D:5      | Reached skill level 5 in Armour
  3201 | D:5      | Reached XP level 7. HP: 60/60 MP: 6/6
  3335 | D:5      | Noticed a steam dragon
  3398 | D:5      | Found a runed translucent door.
  3399 | D:5      | Noticed Crazy Yiuf
  3580 | D:5      | Reached skill level 5 in Fighting
  4558 | D:5      | Killed Crazy Yiuf
  4712 | D:6      | Reached XP level 8. HP: 68/68 MP: 7/7
  4743 | D:6      | Found a glowing drain.
  4747 | Sewer    | Entered a sewer
  5163 | D:6      | Found a sand-covered staircase.
  5173 | Ossuary  | Entered an ossuary
  6028 | D:6      | Found a staircase to the Ecumenical Temple.
  6044 | Temple   | Entered the Ecumenical Temple
  6406 | D:6      | Noticed Sigmund
  6412 | D:6      | Killed Sigmund
  6507 | D:6      | Reached XP level 9. HP: 59/75 MP: 8/8
  6954 | D:7      | Reached skill level 5 in Throwing
  7556 | D:8      | Noticed a troll
  7600 | D:8      | Slain by a troll

Illustrated notes

Levels and vault maps discovered:
D:1:      shiori_shiawase, layout_basic
D:2:      layout_basic, hellmonk_ecumenical_altar_dog_temple, basic_altar
D:3:      layout_basic, uniq_natasha
D:4:      layout_rooms, minmay_close_crescents, uniq_ijyb
D:5:      layout_cave_pods, amcnicky_mini_corridor_feature,
          lightli_corner_chamber, uniq_crazy_yiuf_cottage
D:6:      layout_basic, minmay_temple_entry_statues_fountains,
          gup_sewer_entry_spiral, enter_ossuary_1, uniq_sigmund
D:7:      layout_cave_pods
D:8:      layout_rooms, mainiacjoe_overflow_tiny_flanked, erik_lair_island,
          minivault_22, serial_bayou_pond_e, kennysheep_generic_room_2
Temple:   nicolae_temple_the_god_donut

Skill      XL: |  1  2  3  4  5  6  7  8  9 |
---------------+----------------------------+-----
Shields        | 4 5 6 7 8 |  8.5
Fighting       | 4 5 6 |  6.3
Long Blades    | 3 4 5 6 8 |  8.8
Armour         | 4 5 6 7 |  7.1
Throwing       | 1 2 3 4 5 |  5.4
Dodging        | |  0.5

Action                   |  1- 3 |  4- 6 |  7- 9 || total
-------------------------+-------+-------+-------++-------
Melee: Long sword        |    74 |   149 |   362 ||   585
       Headbutt          |    10 |    27 |    72 ||   109
Throw: Dart              |     5 |     6 |    10 ||    21
       Boomerang         |       |       |     4 ||     4
  Use: Scroll            |       |     4 |    11 ||    15
       Potion            |       |     1 |     4 ||     5
 Stab: Distracted        |       |     1 |       ||     1
       Invisible         |       |       |     1 ||     1
Armor: Scale mail        |    44 |    66 |    13 ||   123
       Chain mail        |       |       |   120 ||   120
Dodge: Dodged            |    35 |    44 |    68 ||   147
Block: Kite shield       |    52 |    86 |   324 ||   462
       Reflection        |       |       |     3 ||     3
       Rpst.: Long sword |     5 |    14 |    16 ||    35
